[Event "1st Doppelbauer Kiel IM 2022"]
[Site "Kiel"]
[Date "2022.07.05"]
[Round "9.2"]
[White "Kopylov, Daniel"]
[Black "Ermitsch, Magnus"]
[Result "0-1"]
[ECO "B48"]
[WhiteElo "2292"]
[BlackElo "2222"]
[Annotator "TA"]
[PlyCount "182"]
[EventDate "2022.06.30"]
[EventType "tourn"]
[EventCountry "GER"]
[SourceTitle "playchess.com"]
[Source "ChessBase"]
[SourceQuality "1"]
[TimeControl "40/5400+30:1800+30"]

1. e4 c5 2. Nf3 e6 3. d4 cxd4 4. Nxd4 Nc6 5. Nc3 Qc7 6. Be3 a6 7. Qf3 {[%emt 0:00:06] B48: Sicilian: Taimanov: 5 Nc3 Qc7 6 Be3 a6 without Be2.} Nf6 8. O-O-O Ne5 9. Qg3 {[%emt 0:00:06] White is slightly better.} b5 10. f4 Neg4 11. Bg1 {[%emt 0:00:12] Black must now prevent e5.} h5 $1 {[%emt 0:00:04] And now ...b4 would win. 11...h5 is better than 11...b4.} 12. e5 {[%emt 0:00:08] Strongly threatening h3.} b4 $1 13. Na4 ({Much weaker is} 13. exf6 bxc3 14. fxg7 Bxg7 15. Qxc3 Qxc3 16. bxc3 Bb7 $15) (13. Nb1 $5 Ne4 14. Qe1 $11) 13... Nd5 14. h3 Nh6 15. f5 Bb7 $1 16. Bd3 Be7 $1 17. Be4 ({Of course not} 17. Qxg7 Rg8 18. Qh7 Qxe5 $1 19. fxe6 dxe6 $1 $15) 17... Rc8 18. Qf3 {[%emt 0:13:50] Prevents Nc3.} O-O 19. f6 gxf6 20. exf6 Bxf6 21. Bh2 d6 {[%emt 0:00:20] [#]} 22. Qg3+ $146 (22. g4 $11) ({Predecessor:} 22. g4 Bxd4 23. Rxd4 Nf6 24. Qxf6 Bxe4 25. c3 bxc3 26. b3 Bxh1 27. Bxd6 Qd8 28. Qxh6 {½-½ (42) Vavulin,M (2570)-Khanin,S (2472) Loo 2018}) 22... Kh8 {[%emt 0:09:15] The board is on fire.} (22... Bg7 $1 $17 {Threatens to win with ...e5.} 23. Qxd6 Qa5) 23. Qxd6 (23. Rhf1 $11) 23... Qxd6 $15 24. Bxd6 Rfd8 25. Bxd5 (25. Bc5 $15) 25... Bxd5 $17 26. Nb6 {[%emt 0:00:04] [#]} Rxd6 $1 27. Nxc8 Rd8 28. Na7 Bxg2 29. Ndc6 Rg8 (29... Rxd1+ $142 $1 30. Rxd1 Bxh3) 30. Rhg1 ({White should try} 30. Nxb4 Bxh1 31. Rxh1) 30... Bxh3 {[%emt 0:08:44] A strong pair of Bishops.} 31. Rh1 (31. Rxg8+ $17 Kxg8 32. Rh1) 31... Bg4 $1 $19 32. Rdf1 (32. Rd3 $142) 32... Nf5 33. Re1 Bf3 34. Rh3 Rg3 35. Rxg3 Nxg3 36. Kd2 h4 ({And not} 36... Bxb2 37. Ke3 Bh1 38. Nxb4 $17) 37. Ke3 Be4 38. Kf4 $2 {[%emt 0:01:38] [#]} (38. a3 {was worth a try.}) 38... Bg2 $1 39. Ne5 Nf1 $2 (39... Bxe5+ $19 {and Black stays clearly on top.} 40. Rxe5 Nf5) 40. Nxf7+ $17 Kg7 41. Ng5 (41. Ne5 $17) 41... Bxg5+ $19 42. Kxg5 {[%emt 0:00:06][%mdl 4096] Endgame KRN-KBN} h3 43. Rxe6 h2 44. Rh6 h1=Q 45. Rxh1 Bxh1 46. c3 $2 (46. Nc8) 46... bxc3 47. bxc3 Ne3 {[%emt 0:02:27] ( -> ...Nc4)} 48. Kf4 {[%emt 0:02:17] [#]} (48. Nc8 $19 Kf7 49. Nd6+ Ke6 50. Ne8) 48... Nc4 $1 49. a4 Kf6 50. Nc8 Bb7 51. Na7 Ke6 52. Nb5 axb5 53. axb5 Kd5 54. b6 Kc5 55. Kf5 Bd5 56. b7 Bxb7 57. Kf6 Bd5 58. Ke7 Ne3 59. c4 Nxc4 60. Kf6 Kd6 61. Kf5 Nd2 62. Kf4 Ke6 63. Ke3 Ne4 64. Kd4 Bc6 65. Kc4 Ke5 66. Kd3 Bb5+ 67. Ke3 Ng5 68. Kd2 Kd4 69. Kc2 Bc4 70. Kb2 Kd3 71. Ka3 Kd4 $2 (71... Kc3 {mates} 72. Ka4 Nf7 73. Ka3 Nd6 74. Ka4 Nf7 75. Ka3 Be6 76. Ka4 Nd6 77. Ka5 Kc4 78. Ka4 Nb5 79. Ka5 Kc5 80. Ka4 Bf7 81. Ka5 Bg6 82. Ka4 Bc2+ 83. Ka5 Nd6 84. Ka6 Bg6 85. Ka5 Be8 86. Ka6 Bb5+ 87. Ka7 Kc6 88. Kb8 Kb6 89. Ka8 Kc7 90. Ka7 Nc8+ 91. Ka8 Bc6#) 72. Ka4 $2 (72. Kb2 $11 Kd3 73. Kc1) 72... Ne4 {[%emt 0:00:29] Black mates.} 73. Ka5 Kc5 74. Ka4 Nd2 75. Ka3 Kb5 76. Kb2 Kb4 77. Kc2 Ne4 78. Kb2 Bb3 79. Ka1 Kc3 80. Kb1 Nd2+ 81. Ka1 Nc4 82. Kb1 Ne3 83. Kc1 Nc2 84. Kb1 Bc4 85. Kc1 Ba2 86. Kd1 Nd4 87. Ke1 Kd3 88. Kf1 Ne2 89. Kg2 Be6 90. Kf3 Bf5 91. Kf2 Be4 {[%emt 0:01:17] Weighted Error Value: White=0.42/Black=0.09 (flawless)} 0-1

[Event "1st Doppelbauer Kiel IM 2022"]
[Site "Kiel"]
[Date "2022.07.05"]
[Round "9.3"]
[White "Barseghyan, Armen Ar."]
[Black "Junge, Ralph"]
[Result "1/2-1/2"]
[ECO "A85"]
[WhiteElo "2378"]
[BlackElo "2224"]
[Annotator "TA"]
[PlyCount "40"]
[EventDate "2022.06.30"]
[EventType "tourn"]
[EventCountry "GER"]
[SourceTitle "playchess.com"]
[Source "ChessBase"]
[SourceQuality "1"]
[TimeControl "40/5400+30:1800+30"]

1. d4 e6 2. c4 f5 3. Nf3 Nf6 4. g3 d5 5. Nc3 Be7 6. Bf4 {[%emt 0:00:29] A85: Dutch Defence: 2 c4 Nf6 3 Nc3.} c6 7. e3 Ne4 8. h4 {[%emt 0:00:09] White is slightly better.} O-O 9. Bd3 {[%emt 0:00:08] [#]} Nxc3 $146 ({Predecessor:} 9... Nd7 10. Qc2 Ndf6 11. Ne5 Nd7 12. Nf3 Ndf6 13. O-O Ng4 14. Rab1 a5 15. Ne5 Nxe5 16. Bxe5 {½-½ (72) Barseghyan,A (2358)-Stupak,K (2501) Orsha 2021}) 10. bxc3 b6 11. O-O Ba6 12. cxd5 {[%emt 0:00:17] [#] Black must now prevent Bxa6.} cxd5 13. Bxa6 Nxa6 14. Qa4 Nc7 15. Qc6 $36 {[%emt 0:00:27][%mdl 2048] Keeping Black busy.} Rc8 16. Bxc7 {[%emt 0:01:26] 0x0.00086286da8edp-1022s more active pieces.} Rxc7 17. Qxe6+ Kh8 18. Rfc1 (18. Rfb1 $16) 18... Rf6 19. Qe5 Ba3 20. Qf4 Bxc1 {[%emt 0:47:19] Weighted Error Value: White=0.12 (very precise) /Black=0.06 (flawless)} 1/2-1/2

[Event "1st Doppelbauer Kiel IM 2022"]
[Site "Kiel"]
[Date "2022.07.05"]
[Round "9.4"]
[White "Arndt, Magnus"]
[Black "Zavgorodniy, Sergiy"]
[Result "1/2-1/2"]
[ECO "C41"]
[WhiteElo "2343"]
[BlackElo "2423"]
[Annotator "TA"]
[PlyCount "42"]
[EventDate "2022.06.30"]
[EventType "tourn"]
[EventCountry "GER"]
[SourceTitle "playchess.com"]
[Source "ChessBase"]
[SourceQuality "1"]
[TimeControl "40/5400+30:1800+30"]

1. e4 e5 2. Nf3 d6 3. d4 exd4 4. Nxd4 Nf6 5. Nc3 Be7 6. Be2 O-O 7. O-O c6 {[%emt 0:01:00] C41: Philidor Defence.} 8. a4 a5 9. Re1 Na6 {[%emt 0:00:16] [#] White has an edge.} 10. h3 $146 ({Predecessor:} 10. Bf3 Re8 11. Bf4 Nb4 12. h3 Qb6 13. Qd2 Bf8 14. Rad1 Nd7 15. Be3 Qc7 16. Bf4 {½-½ (25) Malbran,G (2306)-Perelman,H (2185) Buenos Aires 2006}) 10... Nb4 11. Bf1 Re8 12. Bg5 g6 13. Qd2 Nd7 14. Bxe7 (14. Bh6 {feels hotter.} Nc5 15. Bc4 Bf6 16. Rad1) 14... Qxe7 15. Rad1 Nc5 16. Bc4 Bd7 17. Nb3 {[%emt 0:03:21] [#] Black must now prevent Nxc5.} Be6 18. Bxe6 Qxe6 19. Nxc5 dxc5 20. Re2 Qe7 21. Qe1 Rad8 {[%emt 1:20:25] Weighted Error Value: White=0.06 (flawless) /Black=0.07 (flawless)} 1/2-1/2

[Event "1st Doppelbauer Kiel IM 2022"]
[Site "Kiel"]
[Date "2022.07.05"]
[Round "9.5"]
[White "Fromm, Marius"]
[Black "Lanka, Zigurds"]
[Result "0-1"]
[ECO "B42"]
[WhiteElo "2317"]
[BlackElo "2397"]
[Annotator "TA"]
[PlyCount "124"]
[EventDate "2022.06.30"]
[EventType "tourn"]
[EventCountry "GER"]
[SourceTitle "playchess.com"]
[Source "ChessBase"]
[SourceQuality "1"]
[TimeControl "40/5400+30:1800+30"]

1. e4 c5 2. Nf3 e6 3. d4 cxd4 4. Nxd4 a6 5. Bd3 Bc5 6. Nb3 Ba7 7. O-O d6 8. Qe2 {[%emt 0:11:14] was the old line (8.Qg4).} Nc6 9. Be3 e5 {[%emt 0:00:22] B42: Sicilian: Kan Variation: 5 Bd3.} 10. Bxa7 Rxa7 11. c4 Nf6 {[%emt 0:00:44] The position is equal.} 12. Nc3 {[%emt 0:00:11] [#]} b6 $146 ({Predecessor:} 12... Be6 13. Qe3 O-O 14. Rfd1 Qb8 15. Rac1 b6 16. h3 Nd7 17. Na1 Nc5 18. Nc2 a5 {1-0 (44) Saric,I (2687)-Nagy,G (2507) Germany 2022}) 13. Rfd1 Nd7 14. Bc2 Nf8 15. Rd2 (15. Qd2 $5 ) 15... Ne6 16. Rad1 Rd7 17. Qe3 O-O 18. Nd5 Ncd4 19. Nxd4 Nxd4 20. Rxd4 exd4 21. Qxd4 Rb7 (21... b5 $11) 22. Rd3 (22. Ne3 $14) 22... f5 23. Rb3 b5 24. cxb5 Rxb5 25. Rg3 Rb7 26. Bb3 ({White should play} 26. exf5 $11 Bxf5 27. Bb3) 26... Kh8 $15 27. Nf4 (27. exf5 $15 Bxf5 28. Re3) 27... fxe4 $17 28. Qxe4 Qe7 (28... Qb6 $2 {leads to mate.} 29. Ng6+ $1 hxg6 30. Qh4#) 29. Re3 Qxe4 {[%emt 0:01:00] Dancing on a razor blade.} (29... Qh4 $2 {gets mated.} 30. Ng6+ $1 hxg6 31. Qxh4#) 30. Rxe4 {[%emt 0:00:01][%cal Of4g6] Intending Ng6+! and mate.} Bf5 {[%emt 0:00:27] Prevents Ng6+.} 31. Rd4 Re7 32. Rd1 {[%emt 0:05:25] Against Re1+} (32. f3 $17) 32... Bg4 $19 33. f3 Rxf4 34. fxg4 {[%emt 0:00:03][%mdl 4096] Endgame KRR-KRB} h6 ({Not} 34... Rxg4 35. Rxd6 g6 36. h3 $17) ({Better is} 34... Re2 $19 35. g3 Rf8 36. Rxd6 h6) 35. h3 $17 Rf6 36. Rd2 {[%emt 0:00:29] Against Re2} g5 37. Rc2 Kg7 38. Rc8 {[%emt 0:01:38] [#]} (38. Bd5 $17) 38... Re1+ $1 $19 39. Kh2 Re2 40. Rc7+ Kf8 41. Rc8+ Ke7 42. Rc7+ Kd8 43. Rc6 a5 44. Ra6 Re5 {[%emt 0:00:39] Against Bd5} 45. Bc4 (45. Bd1 {was worth a try.}) 45... Kc7 46. b3 Rf2 47. a4 Rd2 48. Ra7+ Kb6 49. Rh7 Kc5 50. Rxh6 d5 51. Bb5 Rb2 52. h4 gxh4 53. Kh3 Re3+ 54. Kxh4 Rxg2 {[%emt 0:00:09] aiming for ...Rh2+.} 55. Ra6 Kb4 {[%emt 0:05:38] Threatens to win with ...d4.} 56. Rd6 Re5 57. Rb6 Kc3 {[%emt 0:04:04] ...d4 is the strong threat.} 58. Bc6 (58. Rc6+ $142 Kxb3 59. Rd6) 58... Rh2+ 59. Kg3 Rh6 60. Ra6 d4 {[%emt 0:02:19] Black mates.} 61. Kf4 Ree6 62. g5 Rxc6 {[%emt 0:00:39] Weighted Error Value: White=0.41/Black=0.06 (flawless)} 0-1